Map: [ESL] Oceanborn

Players

goblin - Winner!

  • Race: Protoss Protoss
  • Spawn Location: 5:00

GunGFuBanDa

  • Race: Protoss Protoss
  • Spawn Location: 11:00

Event: ESL SC2 Masters 2024 Spring (Regional)

VOD

Have the link to the VOD?

Description

Time

  • Played on: April 27, 2024, 9:21 a.m.
  • Length: 18:05

All games in this series

Show
View Real Time Build Order
Export as new Build Order

goblin Protoss - Winner!

Build Orders: Phoenix Opening 

Get SALT Encoding   

  12  0:00  Probe  
  13  0:12  Probe  
  14  0:17  Pylon  
  14  0:24  Probe (Chrono Boost)  
  15  0:35  Gateway  
  15  0:36  Probe (Chrono Boost)  
  16  0:44  Probe (Chrono Boost)  
  16  0:45  Assimilator  
  17  0:51  Probe  
  17  0:53  Assimilator  
  18  1:03  Probe (Chrono Boost)  
  19  1:07  Gateway  
  19  1:13  Probe (Chrono Boost)  
  19  1:18  Probe (Chrono Boost)  
  20  1:25  Cybernetics Core  
  21  1:29  Probe  
  22  1:34  Pylon  
  22  1:41  Probe  
  23  1:53  Probe  
  24  2:02  Sentry, Stalker, Warp Gate  
  24  2:07  Pylon, Probe  
  29  2:19  Probe  
  29  2:31  Probe  
  29  2:36  Phoenix  
  30  2:38  Nexus  
  30  2:41  Sentry  
  32  2:47  Sentry  
  32  2:49  Probe  
  35  2:58  Robotics Facility  
  35  3:03  Probe  
  36  3:06  Pylon  
  36  3:12  Stalker  
  36  3:15  Probe  
  36  3:19  Phoenix  
  39  3:28  Probe (Chrono Boost)  
  39  3:31  Twilight Council  
  41  3:42  Probe (Chrono Boost)  
  41  3:47  Warp Prism (Chrono Boost), Probe (Chrono Boost)  
  42  3:52  Probe  
  45  3:58  Probe (Chrono Boost)  
  46  4:04  Probe (Chrono Boost)  
  46  4:05  Phoenix  
  46  4:09  Dark Shrine  
  48  4:15  Probe x2 (Chrono Boost)  
  49  4:17  Immortal (Chrono Boost)  
  49  4:20  Probe (Chrono Boost)  
  49  4:21  Probe  
  55  4:33  Probe  
  56  4:38  Nexus  
  56  4:42  Pylon  
  57  4:51  Immortal  
  61  4:52  Probe  
  61  4:54  Probe  
  62  5:01  Phoenix  
  62  5:03  Assimilator  
  62  5:04  Probe  
  62  5:05  Assimilator  
  62  5:07  Probe  
  64  5:10  Shield Battery  
  64  5:17  Probe  
  65  5:22  Dark Templar x2  
  65  5:23  Pylon  
  65  5:24  Probe  
  70  5:33  Gateway  
  70  5:37  Pylon  
  70  5:38  Gateway  
  70  5:41  Probe x2  
  72  5:48  Blink (Chrono Boost)  
  72  5:49  Observer  
  72  5:52  Probe (Chrono Boost)  
  72  5:53  Probe (Chrono Boost)  
  76  5:58  Probe (Chrono Boost)  
  76  6:01  Stalker x2  
  76  6:03  Probe x2 (Chrono Boost)  
  82  6:07  Probe x2 (Chrono Boost)  
  82  6:09  Probe (Chrono Boost)  
  82  6:11  Observer  
  85  6:15  Forge, Gateway  
  88  6:18  Probe (Chrono Boost)  
  88  6:20  Gateway  
  88  6:22  Pylon  
  88  6:23  Probe (Chrono Boost)  
  89  6:25  Probe (Chrono Boost)  
  89  6:26  Phoenix, Probe (Chrono Boost)  
  89  6:30  Stalker x2  
  94  6:33  Stalker  
  94  6:35  Protoss Ground Weapons Level 1 (Chrono Boost)  
  94  6:36  Stalker  
  94  6:39  Probe x2  
  100  6:42  Pylon  
  100  6:55  Stalker x2  
  100  6:56  Stalker  
  100  6:59  Stalker  
  108  7:06  Photon Cannon  
  108  7:18  Stalker x3  
  114  7:24  Pylon  
  114  7:25  Nexus  
  114  7:34  Charge  
  105  7:48  Stalker  
  105  7:49  Stalker x5  
  111  7:54  Probe x2  
  111  7:57  Pylon  
  111  7:58  Probe  
  114  8:02  Immortal  
  118  8:06  Probe  
  118  8:10  Gateway  
  118  8:11  Gateway  
  117  8:13  Gateway  
  117  8:14  Pylon  
  117  8:15  Photon Cannon  
  117  8:22  Stalker x5  
  117  8:24  Protoss Ground Armor Level 1 (Chrono Boost)  
  117  8:26  Zealot  
  129  8:28  Probe x2  
  129  8:31  Assimilator  
  131  8:35  Photon Cannon  
  131  8:38  Shield Battery  
  127  8:55  Stalker x4  
  127  8:58  Probe x2  
  127  9:01  Probe  
  127  9:02  Assimilator  
  130  9:03  Probe  
  130  9:05  Pylon  
  131  9:10  Probe x2  
  131  9:11  Zealot x2  
  131  9:12  Zealot x3  
  143  9:25  Pylon, Stalker  
  143  9:26  Stalker x3  
  143  9:29  Photon Cannon, Gateway  
  151  9:32  Pylon, Shield Battery  
  151  9:34  Pylon  
  151  9:35  Observer, Stalker  
  151  9:36  Stalker x3  
  151  9:37  Sentry  
  161  9:51  Observer (Chrono Boost)  
  149  9:53  Zealot x2, Protoss Ground Weapons Level 2 (Chrono Boost)  
  149  9:58  Zealot x2  
  149  9:59  Zealot x4  
  165  10:03  Zealot  
  165  10:04  Observer (Chrono Boost)  
  160  10:19  Zealot x8  
  154  10:34  Stalker x2  
  132  10:40  Stalker x8  
  134  11:02  Nexus  
  134  11:03  Pylon, Stalker  
  134  11:04  Stalker x5  
  146  11:21  Observer (Chrono Boost)  
  146  11:23  Photon Cannon  
  147  11:32  Zealot  
  147  11:33  Zealot x8  
  147  11:34  Observer (Chrono Boost)  
  160  11:42  Protoss Ground Weapons Level 3 (Chrono Boost)  
  156  12:00  Stalker  
  156  12:01  Stalker x9  
  150  12:07  Forge  
  150  12:11  Observer  
  151  12:17  Probe x4  
  155  12:23  Probe  
  155  12:24  Photon Cannon  
  155  12:28  Photon Cannon  
  155  12:29  Observer, Photon Cannon, Probe x2  
  158  12:31  Protoss Ground Armor Level 2 (Chrono Boost)  
  158  12:32  Photon Cannon  
  158  12:33  Probe  
  158  12:34  Zealot x2, Shield Battery  
  158  12:35  Probe x2  
  158  12:36  Shield Battery  
  160  12:37  Pylon  
  149  12:46  Probe  
  149  12:51  Stalker x8  
  144  12:59  Probe x2  
  146  13:10  Zealot  
  148  13:17  Gateway  
  148  13:18  Gateway  
  148  13:20  Shield Battery, Gateway  
  148  13:21  Photon Cannon  
  148  13:25  Pylon, Shadow Stride (Chrono Boost)  
  148  13:26  Stalker x6  
  144  13:44  Warp Prism (Chrono Boost)  
  144  13:46  Zealot x4  
  152  13:54  Stalker x6  
  164  14:02  Protoss Shields Level 1 (Chrono Boost)  
  160  14:16  Pylon  
  160  14:17  Robotics Bay  
  144  14:20  Zealot x3  
  144  14:21  Zealot x10  
  160  14:36  Protoss Ground Armor Level 3 (Chrono Boost)  
  154  14:38  Observer  
  154  14:45  Stalker x9  
  158  14:46  Stalker  
  158  14:50  Photon Cannon  
  174  14:56  Observer (Chrono Boost)  
  142  15:10  Nexus  
  129  15:14  Disruptor (Chrono Boost)  
  129  15:18  Robotics Facility  
  133  15:29  Dark Templar x5  
  133  15:31  Stalker  
  133  15:32  Zealot x5  
  133  15:35  Pylon, Shield Battery  
  155  15:42  Disruptor (Chrono Boost)  
  153  15:47  Observer  
  157  15:51  Observer  
  157  15:52  Pylon  
  149  16:00  Assimilator  
  149  16:01  Assimilator  
  145  16:04  Zealot x10  
  145  16:05  Zealot x2  
  159  16:13  Disruptor  
  155  16:31  Stalker x6  
  134  17:01  Stalker  
  134  17:02  Stalker x5  
  134  17:04  Photon Cannon  
  134  17:05  Photon Cannon  
  134  17:06  Photon Cannon  
  146  17:10  Pylon  
  146  17:12  Pylon  
  146  17:16  Probe x4  
  146  17:17  Probe  
  146  17:19  Probe  
  140  17:36  Zealot  
  126  17:37  Zealot x4  
  126  17:39  Stalker x8  
  126  17:40  Probe x2 (Chrono Boost)  
  126  17:41  Probe (Chrono Boost)  
  126  17:42  Assimilator  
  151  17:44  Assimilator, Probe x2 (Chrono Boost)  
  151  17:45  Probe (Chrono Boost)  
  152  17:54  Probe (Chrono Boost)  
Show
View Real Time Build Order
Export as new Build Order

GunGFuBanDa Protoss 

Build Orders: Blink Stalkers 

Get SALT Encoding   

  12  0:00  Probe  
  13  0:12  Probe  
  14  0:17  Pylon  
  14  0:24  Probe (Chrono Boost)  
  15  0:36  Gateway  
  15  0:37  Probe (Chrono Boost)  
  16  0:43  Probe (Chrono Boost)  
  16  0:46  Assimilator  
  17  0:51  Probe  
  17  0:54  Assimilator  
  18  1:03  Probe (Chrono Boost)  
  19  1:07  Gateway  
  19  1:15  Probe (Chrono Boost)  
  20  1:23  Probe (Chrono Boost)  
  21  1:26  Cybernetics Core  
  21  1:29  Probe  
  22  1:38  Pylon  
  22  1:41  Probe  
  23  1:56  Probe  
  24  2:02  Sentry, Stalker  
  24  2:03  Warp Gate  
  28  2:08  Pylon  
  28  2:09  Probe  
  29  2:35  Nexus  
  29  2:37  Sentry  
  29  2:41  Sentry  
  33  2:44  Probe (Chrono Boost)  
  34  2:54  Probe (Chrono Boost)  
  35  2:59  Twilight Council  
  35  3:01  Probe  
  36  3:06  Pylon  
  36  3:13  Probe (Chrono Boost)  
  37  3:25  Probe (Chrono Boost)  
  38  3:30  Blink (Chrono Boost)  
  38  3:34  Probe (Chrono Boost)  
  39  3:41  Probe (Chrono Boost)  
  40  3:49  Probe (Chrono Boost)  
  40  3:51  Stalker x2  
  46  3:57  Probe (Chrono Boost)  
  46  3:58  Probe (Chrono Boost)  
  47  4:03  Probe (Chrono Boost)  
  47  4:04  Probe  
  49  4:15  Stalker  
  49  4:16  Stalker, Probe  
  55  4:17  Probe  
  55  4:24  Pylon  
  55  4:26  Robotics Facility  
  55  4:28  Probe  
  55  4:29  Probe  
  57  4:35  Nexus  
  57  4:39  Stalker  
  57  4:43  Stalker  
  57  4:44  Probe  
  62  4:46  Probe  
  62  4:51  Shield Battery  
  63  4:56  Assimilator, Probe  
  63  4:59  Probe  
  65  5:04  Pylon  
  65  5:06  Stalker  
  67  5:08  Probe  
  67  5:10  Observer (Chrono Boost)  
  67  5:12  Probe  
  70  5:22  Forge, Probe  
  70  5:24  Probe  
  70  5:25  Gateway  
  70  5:27  Observer (Chrono Boost)  
  72  5:32  Stalker  
  72  5:33  Stalker  
  72  5:34  Probe  
  78  5:37  Pylon  
  78  5:42  Probe  
  77  5:48  Probe (Chrono Boost)  
  79  5:50  Probe (Chrono Boost)  
  79  5:52  Protoss Ground Weapons Level 1 (Chrono Boost)  
  80  6:00  Probe x2 (Chrono Boost)  
  80  6:01  Probe (Chrono Boost)  
  82  6:04  Stalker  
  82  6:06  Photon Cannon  
  82  6:07  Probe (Chrono Boost)  
  82  6:09  Stalker, Probe (Chrono Boost)  
  82  6:10  Probe (Chrono Boost)  
  89  6:13  Probe  
  90  6:20  Charge (Chrono Boost)  
  90  6:21  Gateway  
  90  6:23  Gateway  
  90  6:25  Gateway  
  90  6:28  Probe  
  90  6:32  Probe  
  92  6:33  Gateway  
  92  6:34  Assimilator, Probe, Gateway  
  93  6:44  Probe  
  93  6:45  Probe  
  93  6:46  Probe  
  96  6:49  Observer  
  96  6:54  Photon Cannon  
  97  6:55  Nexus  
  97  6:57  Phoenix  
  97  7:00  Templar Archives  
  97  7:01  Pylon  
  97  7:10  Zealot x2  
  101  7:18  Pylon  
  101  7:19  Probe x2  
  101  7:20  Zealot x3  
  101  7:21  Pylon  
  109  7:30  Pylon  
  109  7:36  Immortal (Chrono Boost)  
  113  7:37  Zealot x2  
  113  7:41  Pylon  
  113  7:42  Observer  
  106  7:46  Zealot  
  106  7:47  Zealot x3  
  106  7:48  Probe  
  103  7:54  Probe  
  103  7:55  Probe  
  100  8:00  Zealot x4  
  100  8:05  Protoss Ground Weapons Level 2 (Chrono Boost)  
  108  8:07  Zealot x4  
  108  8:09  Assimilator  
  108  8:12  Robotics Bay, Photon Cannon  
  116  8:15  Assimilator  
  116  8:24  Zealot x2, High Templar x2  
  123  8:28  Archon  
  123  8:29  Probe  
  123  8:30  Photon Cannon  
  123  8:32  Probe  
  125  8:34  Pylon, Shield Battery  
  125  8:35  Probe  
  125  8:36  Pylon  
  122  8:41  Zealot  
  122  8:45  Zealot x2  
  122  8:47  Zealot  
  122  8:50  Zealot x2  
  118  8:56  Immortal (Chrono Boost)  
  118  9:01  High Templar x2  
  124  9:06  Shield Battery  
  124  9:09  Pylon  
  124  9:10  Archon  
  124  9:11  Stalker x4  
  124  9:15  Stalker  
  132  9:24  Zealot  
  132  9:28  Disruptor (Chrono Boost)  
  132  9:29  Pylon  
  132  9:30  Pylon  
  132  9:31  Pylon  
  138  9:33  Zealot  
  138  9:34  Dark Shrine  
  140  9:40  Pylon  
  135  9:46  Zealot x6  
  141  9:58  Stalker x2  
  145  10:00  Disruptor (Chrono Boost)  
  136  10:21  Zealot x3  
  136  10:22  Zealot x4  
  134  10:30  Zealot  
  134  10:33  Disruptor (Chrono Boost)  
  115  10:40  Protoss Ground Weapons Level 3 (Chrono Boost)  
  111  10:44  Zealot x4  
  111  10:45  Zealot x3  
  123  10:52  Dark Templar  
  125  10:59  Disruptor (Chrono Boost)  
  125  11:03  Nexus  
  129  11:08  Pylon  
  129  11:10  High Templar x4  
  137  11:12  Stalker x3  
  137  11:16  Archon x2  
  142  11:29  Disruptor (Chrono Boost)  
  146  11:34  Nexus  
  146  11:38  Pylon  
  136  11:42  Shield Battery  
  128  11:47  Stalker x4  
  128  11:48  Stalker x4  
  144  11:55  Observer (Chrono Boost)  
  137  12:08  Disruptor (Chrono Boost)  
  139  12:13  Dark Templar  
  139  12:18  Stalker  
  139  12:19  Stalker  
  139  12:22  Shield Battery  
  143  12:23  Pylon  
  143  12:24  Nexus  
  143  12:26  Pylon  
  142  12:36  Disruptor (Chrono Boost)  
  136  12:45  Nexus  
  136  12:49  Pylon  
  121  12:54  Stalker x5  
  129  13:03  Probe x3  
  129  13:04  Disruptor (Chrono Boost)  
  132  13:11  Shield Battery  
  136  13:13  Shield Battery  
  136  13:15  Probe  
  136  13:16  Shield Battery  
  136  13:17  High Templar x3  
  136  13:18  High Templar  
  145  13:21  Archon  
  145  13:22  Archon  
  144  13:38  Protoss Ground Armor Level 1 (Chrono Boost)  
  144  13:41  Zealot x4  
  146  13:42  Disruptor (Chrono Boost)  
  148  13:53  Stalker x2  
  152  13:56  Stalker, Shadow Stride (Chrono Boost)  
  154  14:08  Observer  
  143  14:25  Probe x2  
  143  14:31  Photon Cannon  
  141  14:32  Observer (Chrono Boost)  
  141  14:34  Zealot x5  
  141  14:37  Nexus  
  148  14:50  Disruptor (Chrono Boost)  
  152  14:57  Stalker  
  152  14:58  Stalker x5  
  146  15:09  Observer  
  142  15:15  Disruptor (Chrono Boost)  
  142  15:16  Pylon  
  142  15:19  Pylon  
  146  15:24  Dark Templar x4  
  146  15:26  Dark Templar  
  156  15:28  Observer  
  156  15:37  Protoss Ground Armor Level 2 (Chrono Boost)  
  156  15:41  Disruptor (Chrono Boost)  
  154  15:47  Shield Battery  
  158  15:54  Photon Cannon  
  158  15:56  Stalker x4  
  164  16:15  Zealot, Observer (Chrono Boost)  
  164  16:16  Zealot x3  
  165  16:30  Zealot x4  
  165  16:32  Disruptor (Chrono Boost)  
  127  16:52  Robotics Facility, Photon Cannon, Dark Templar  
  127  16:57  Stalker x6  
  127  16:59  Probe x2  
  127  17:00  Probe  
  142  17:05  Disruptor  
  142  17:07  Photon Cannon  
  142  17:08  Probe x2  
  116  17:30  Zealot x4  
  116  17:31  Zealot x4  
  106  17:39  Pylon  
  98  17:52  Stalker x6  
Tags
 
Add a new tag
Caveats
  • Supply blocks, unpowered buildings, or Contaminate may cause inaccurate times.
  • Supply counts are checked every 10 seconds.